[Event "Titled Tuesday Blitz April 26 Late 2022"]
[White "Baches Garcia, Guillermo"]
[Black "Dudzinski, Pawel"]
[WhiteFideId "2209764"]
[BlackFideId "1117890"]
[WhiteElo "2527"]
[BlackElo "2033"]
[Result "1-0"]
[Round "02"]
[TimeControl "180+1"]
[Date "2022.04.26"]
[WhiteClock "0:00:17"]
[BlackClock "0:00:02"]

1. e4 c6 2. c4 d5 3. exd5 cxd5 4. cxd5 Nf6 5. Nc3 Nxd5 6. Nf3 e6 7. d4 Nc6 8. Bb5 Be7 9. O-O O-O 10. Re1 Bf6 11. a3 Nxc3 12. bxc3 Qa5 13. Qd3 Bd7 14. a4 Rfd8 15. Bd2 a6 16. Bc4 Qc7 17. Bb3 Na5 18. Bc2 g6 19. h4 Nc4 20. Bg5 Bxg5 21. Nxg5 Rac8 22. h5 Nb2 23. Qh3 e5 24. Qh4 Bf5 25. Bxf5 gxf5 26. Rxe5 h6 27. Nf3 Qxc3 28. Rxf5 Rd6 29. Qg4+ Kf8 30. Re1 Re8 31. Rxe8+ Kxe8 32. Qg8+ Kd7 33. Rxf7+ Ke6 34. Rc7+ Kf5 35. Rxc3 1-0


[Site "https://www.chess.com"]

[Event "Titled Tuesday Blitz April 26 Late 2022"]
[White "Bachmann, Axel"]
[Black "Kanyamarala, Tarun"]
[WhiteFideId "3700488"]
[BlackFideId "45004714"]
[WhiteElo "2587"]
[BlackElo "2177"]
[Result "1-0"]
[Round "02"]
[TimeControl "180+1"]
[Date "2022.04.26"]
[WhiteClock "0:00:21"]
[BlackClock "0:00:05"]

1. d4 f5 2. Nf3 Nf6 3. g3 g6 4. Bg2 Bg7 5. b3 d6 6. Bb2 O-O 7. O-O Nc6 8. c4 Ne4 9. Nc3 Nxc3 10. Bxc3 e5 11. dxe5 dxe5 12. Qc2 e4 13. Ne1 Nd4 14. Bxd4 Bxd4 15. Rd1 Qf6 16. e3 Bc5 17. Qd2 Be6 18. Nc2 Rfd8 19. Qe2 Qc3 20. Rxd8+ Rxd8 21. Rd1 Rxd1+ 22. Qxd1 Qd3 23. Qxd3 exd3 24. Nd4 Bd7 25. Bf3 Bb4 26. Kf1 c6 27. h4 Kf7 28. Bd1 Kf6 29. Nf3 Bc3 30. Ne1 d2 31. Nf3 b5 32. Ke2 bxc4 33. bxc4 Be6 34. Bb3 Ba5 35. Nxd2 Ke7 36. Nf3 Bg8 37. Nd4 Kd6 38. c5+ Kxc5 39. Bxg8 1-0


[Site "https://www.chess.com"]

[Event "Titled Tuesday Blitz April 26 Late 2022"]
[White "Bacrot, Etienne"]
[Black "Brodowski, Piotr"]
[WhiteFideId "605506"]
[BlackFideId "1124480"]
[WhiteElo "2673"]
[BlackElo "2422"]
[Result "1-0"]
[Round "02"]
[TimeControl "180+1"]
[Date "2022.04.26"]
[WhiteClock "0:00:40"]
[BlackClock "0:00:07"]

1. d4 c5 2. d5 d6 3. e4 Nf6 4. Nc3 g6 5. Nf3 Bg7 6. Bb5+ Bd7 7. a4 O-O 8. h3 Bxb5 9. axb5 Nbd7 10. O-O Nb6 11. Qe2 Ne8 12. Rd1 Nc7 13. Bg5 Qd7 14. Ra5 Rfe8 15. Bd2 e6 16. dxe6 Qxe6 17. Rda1 a6 18. bxa6 bxa6 19. b3 Bxc3 20. Bxc3 Qxe4 21. Qd2 Nbd5 22. Bb2 Rad8 23. Qh6 f6 24. R5a4 Qxc2 25. Rh4 Rd7 26. Bc1 Qc3 27. Raa4 Nb4 28. Bd2 Qxb3 29. Ra1 Nd3 30. Rg4 Ne5 31. Rg3 Nxf3+ 32. Rxf3 Qb2 33. Bc3 Qc2 34. Bxf6 Nd5 35. Bh8 Qd2 36. Qxd2 1-0


[Site "https://www.chess.com"]

[Event "Titled Tuesday Blitz April 26 Late 2022"]
[White "Bellissimo, Joseph F."]
[Black "Pasti, Aron"]
[WhiteFideId "2609843"]
[BlackFideId "785857"]
[WhiteElo "2061"]
[BlackElo "2133"]
[Result "1/2-1/2"]
[Round "02"]
[TimeControl "180+1"]
[Date "2022.04.26"]
[WhiteClock "0:00:35"]
[BlackClock "0:00:26"]

1. e4 c5 2. Nf3 e6 3. c3 d5 4. e5 d4 5. Bd3 Nc6 6. O-O g6 7. Re1 Bg7 8. b4 cxb4 9. cxd4 Nxd4 10. Bb2 Nxf3+ 11. Qxf3 Ne7 12. Bb5+ Bd7 13. Qxb7 Rc8 14. Bxd7+ Qxd7 15. Qxb4 O-O 16. d4 Rc2 17. Ba3 Re8 18. Nc3 Nc6 19. Qc5 Nxd4 20. Rad1 Rxc3 21. Rxd4 Rxc5 22. Rxd7 Ra5 23. Bd6 Rxa2 24. h4 Ra8 25. Rc1 Bf8 26. Rcc7 Bxd6 27. exd6 Rf8 28. Re7 Rb2 29. d7 Rbb8 30. Rxa7 Kg7 31. Rxe6 Rfd8 32. Rd6 Kf8 33. Rd3 Ke7 34. Re3+ Kf6 35. g4 Rb1+ 36. Kg2 Rd1 37. g5+ Kg7 38. Re7 Kf8 39. Re8+ Rxe8 40. dxe8=Q+ Kxe8 41. Kg3 Kf8 42. Kf4 Kg7 43. f3 Rd4+ 44. Kg3 Rb4 45. Re7 Ra4 46. Re4 Rxe4 47. fxe4 f6 48. Kf4 h6 49. gxf6+ Kxf6 50. e5+ Ke6 51. Ke4 g5 52. h5 Ke7 53. Kf5 Kf7 54. e6+ Ke7 55. Ke5 g4 56. Kf4 Kxe6 57. Kxg4 Ke5 58. Kg3 Kf5 59. Kh4 Kf4 60. Kh3 Kg5 61. Kg3 Kxh5 62. Kh3 Kg6 63. Kg3 h5 64. Kh4 Kf7 65. Kh3 h4 66. Kxh4 1/2-1/2


[Site "https://www.chess.com"]

[Event "Titled Tuesday Blitz April 26 Late 2022"]
[White "Bilych, Olexiy"]
[Black "Vega Gutierrez, Sabrina"]
[WhiteFideId "14156504"]
[BlackFideId "2219026"]
[WhiteElo "2176"]
[BlackElo "2286"]
[Result "1-0"]
[Round "02"]
[TimeControl "180+1"]
[Date "2022.04.26"]
[WhiteClock "0:00:13"]
[BlackClock "0:00:20"]

1. d4 d5 2. c4 e6 3. Nf3 c6 4. Qd3 Nf6 5. Nc3 dxc4 6. Qxc4 b5 7. Qd3 Bb7 8. e4 b4 9. Na4 c5 10. Nxc5 Bxc5 11. dxc5 Nxe4 12. Qb5+ Bc6 13. Qxb4 O-O 14. Be3 Qc8 15. Bd3 Nf6 16. Ne5 Bxg2 17. Rg1 Qb7 18. Qxb7 Bxb7 19. O-O-O Rc8 20. Kb1 Be4 21. b4 Nc6 22. Nxc6 Rxc6 23. b5 Rb8 24. Ka1 Rcc8 25. a4 Bxd3 26. Rxd3 Nd5 27. c6 a6 28. Rb1 axb5 29. axb5 Ra8+ 30. Kb2 Rcb8 31. Rb3 Ra5 32. b6 Ra6 33. c7 Rf8 34. b7 Nxc7 35. b8=Q f6 36. Qxc7 e5 37. Rb7 1-0


[Site "https://www.chess.com"]

[Event "Titled Tuesday Blitz April 26 Late 2022"]
[White "Bluebaum, Matthias"]
[Black "Yurovskykh, Oleksandr"]
[WhiteFideId "24651516"]
[BlackFideId "14134020"]
[WhiteElo "2550"]
[BlackElo "2292"]
[Result "1-0"]
[Round "02"]
[TimeControl "180+1"]
[Date "2022.04.26"]
[WhiteClock "0:00:33"]
[BlackClock "0:00:10"]

1. d4 d5 2. c4 dxc4 3. e4 Nf6 4. e5 Nd5 5. Bxc4 Nb6 6. Bd3 Nc6 7. Be3 Nb4 8. Be4 f5 9. a3 N4d5 10. Bxd5 Nxd5 11. Nc3 c6 12. h4 Be6 13. Nf3 Qd7 14. Ng5 O-O-O 15. Rc1 Kb8 16. Na4 b6 17. Nxe6 Qxe6 18. Qb3 Qc8 19. O-O e6 20. Rc2 Qb7 21. Rfc1 Rc8 22. Nc3 Be7 23. Bg5 Bxg5 24. hxg5 Qe7 25. Qa4 Qxg5 26. Ne2 Nf4 27. Nxf4 Qxf4 28. g3 Qg5 29. Kg2 Rc7 30. Rxc6 Qxc1 31. Rxc1 Rxc1 32. Qd7 Rd1 33. Qd6+ Ka8 34. Qxe6 Rd8 35. Qxf5 R1xd4 36. Qxh7 R4d7 37. f4 Rd2+ 38. Kh3 R2d7 39. e6 Re7 40. Qe4+ Kb8 41. f5 Rh8+ 42. Kg2 Rhe8 43. g4 g6 44. Kf3 gxf5 45. gxf5 Kc7 46. Qe5+ Kc6 47. Ke4 a6 48. Qd5+ Kc7 49. Ke5 Rh7 50. Qd6+ Kc8 51. Qc6+ Kd8 52. Qxb6+ Ke7 53. Qc7+ Kf8 54. Qxh7 1-0


[Site "https://www.chess.com"]

[Event "Titled Tuesday Blitz April 26 Late 2022"]
[White "Bortnyk, Olexandr"]
[Black "Salimova, Nurgyul"]
[WhiteFideId "14120828"]
[BlackFideId "2915138"]
[WhiteElo "2723"]
[BlackElo "2185"]
[Result "1-0"]
[Round "02"]
[TimeControl "180+1"]
[Date "2022.04.26"]
[WhiteClock "0:00:28"]
[BlackClock "0:00:03"]

1. d4 d5 2. Nc3 Nf6 3. Bf4 Bf5 4. e3 e6 5. Nf3 Be7 6. Ne5 Nbd7 7. g4 Bg6 8. h4 Be4 9. f3 Nxe5 10. dxe5 Nxg4 11. Nxe4 Bxh4+ 12. Ke2 Qe7 13. fxg4 dxe4 14. Qd4 Rd8 15. Qxe4 Rd5 16. c4 Rd7 17. Bg2 Qb4 18. Qc2 g5 19. a3 Qb6 20. Bh2 O-O 21. Rad1 Rfd8 22. b4 a5 23. Rxd7 Rxd7 24. Rd1 Rxd1 25. Qxd1 axb4 26. axb4 Qxb4 27. Qc1 b5 28. Be4 bxc4 29. Kf3 c3 30. Qc2 Qc4 31. Bxh7+ Kg7 32. Bd3 Qd5+ 33. Be4 Qc4 34. Kg2 Qc5 35. Qd3 c2 36. Qxc2 Qxe3 37. Bf3 c5 38. Qe2 Qd4 39. Bg1 Qf4 40. Bxc5 Qg3+ 41. Kf1 Qh3+ 42. Qg2 Qxg2+ 43. Kxg2 Be1 44. Be7 Bh4 45. Bf6+ Kg6 46. Be4+ Kh6 47. Kf3 Be1 48. Bc6 Bh4 49. Ke4 Kg6 50. Kd4 Bg3 51. Kc4 Bf4 52. Be4+ Kh6 53. Kb5 Bd2 54. Kc6 Bc3 55. Kd7 Bb4 56. Ke8 Bf8 57. Kxf7 Be7 58. Bg7# 1-0


[Site "https://www.chess.com"]

[Event "Titled Tuesday Blitz April 26 Late 2022"]
[White "Burke, Paul"]
[Black "Leiva, Gianmarco"]
[WhiteFideId "2605767"]
[BlackFideId "3804399"]
[WhiteElo "1871"]
[BlackElo "2323"]
[Result "0-1"]
[Round "02"]
[TimeControl "180+1"]
[Date "2022.04.26"]
[WhiteClock "0:00:36"]
[BlackClock "0:00:42"]

1. e4 g6 2. Nc3 Bg7 3. g3 c5 4. Bg2 Nc6 5. Nge2 d6 6. O-O Rb8 7. h3 b5 8. d3 Nf6 9. f4 b4 10. e5 bxc3 11. Bxc6+ Bd7 12. exf6 Bxf6 13. Bxd7+ Qxd7 14. bxc3 Qxh3 15. Kf2 Qh2+ 16. Kf3 Qh5+ 17. Kf2 d5 18. Rh1 Qf5 19. Bd2 h5 20. Ng1 h4 21. Qf3 Rb2 22. g4 Qd7 23. Rc1 e6 24. Ne2 Qa4 25. f5 gxf5 26. gxf5 Be5 27. d4 Rxc2 28. Rxc2 Qxc2 29. dxe5 Qxd2 30. fxe6 fxe6 31. Rg1 Rf8 32. Qxf8+ Kxf8 0-1


[Site "https://www.chess.com"]

[Event "Titled Tuesday Blitz April 26 Late 2022"]
[White "Butti, Enrique"]
[Black "Quesada Perez, Yuniesky"]
[WhiteFideId "3700470"]
[BlackFideId "3504409"]
[WhiteElo "2080"]
[BlackElo "2622"]
[Result "0-1"]
[Round "02"]
[TimeControl "180+1"]
[Date "2022.04.26"]
[WhiteClock "0:01:31"]
[BlackClock "0:01:07"]

1. d4 d5 2. c4 c6 3. Nf3 Nf6 4. Nc3 e6 5. Bg5 Nbd7 6. e3 Qa5 7. cxd5 exd5 8. Nd2 Be7 9. Bd3 Nf8 10. O-O Ng6 11. Qc2 O-O 12. Rab1 Re8 13. Bxf6 Bxf6 14. b4 Qd8 15. b5 Be7 16. bxc6 bxc6 17. Na4 Bd7 18. Nb3 Bd6 19. Nbc5 Bc8 20. Bf5 Qg5 21. Bxc8 Raxc8 22. Kh1 Nh4 23. f4 Qg4 24. g3 Nf5 0-1


[Site "https://www.chess.com"]

[Event "Titled Tuesday Blitz April 26 Late 2022"]
[White "Carrasco Miranda, Andres"]
[Black "Moral Garcia, Serafin"]
[WhiteFideId "3405990"]
[BlackFideId "2201925"]
[WhiteElo "2177"]
[BlackElo "2228"]
[Result "0-1"]
[Round "02"]
[TimeControl "180+1"]
[Date "2022.04.26"]
[WhiteClock "0:00:17"]
[BlackClock "0:00:06"]

1. d4 Nf6 2. c4 c5 3. d5 e6 4. Nc3 exd5 5. cxd5 d6 6. h3 g6 7. e4 Bg7 8. Bd3 a6 9. a4 O-O 10. Bg5 h6 11. Be3 Nbd7 12. Nf3 Re8 13. O-O Ne5 14. Nxe5 Rxe5 15. Bf4 Re7 16. Qd2 Kh7 17. Rae1 Ne8 18. Bh2 Rb8 19. f4 Qc7 20. e5 c4 21. Bc2 b5 22. axb5 axb5 23. Ne4 Bf5 24. exd6 Nxd6 25. Nxd6 Bxc2 26. Qxc2 Qxd6 27. f5 Qc5+ 28. Kh1 Rbe8 29. Rxe7 Rxe7 30. d6 Rd7 31. f6 Bf8 32. Qe2 Bxd6 33. Qe8 Qc7 34. Rd1 Rd8 35. Qxb5 Bxh2 36. Rxd8 Qxd8 37. Kxh2 Qd6+ 38. Kg1 Qxf6 39. Qxc4 Kg7 40. b4 Qb6+ 41. Kh2 Kf8 42. Qc8+ Ke7 43. Qc4 h5 44. Kg3 Qd6+ 45. Kf3 Qf6+ 46. Ke3 Qg5+ 47. Qf4 Qxg2 48. Qe4+ Qxe4+ 49. Kxe4 Kd6 50. Kd4 f6 51. b5 Kc7 52. Kd5 g5 53. Ke6 g4 54. h4 g3 55. Kxf6 g2 56. Kg5 g1=Q+ 57. Kxh5 Qg3 58. Kh6 Qxh4+ 59. Kg6 Kb6 60. Kf7 Kxb5 61. Ke6 Kc5 62. Kd7 Qh6 63. Kc7 Qe6 64. Kb7 Kb5 65. Ka7 Qc6 66. Kb8 Qd7 67. Ka8 Kb6 68. Kb8 Qd8# 0-1


[Site "https://www.chess.com"]

[Event "Titled Tuesday Blitz April 26 Late 2022"]
[White "Caruana, Fabiano"]
[Black "Siddharth, Jagadeesh"]
[WhiteFideId "2020009"]
[BlackFideId "5818320"]
[WhiteElo "2744"]
[BlackElo "2127"]
[Result "1-0"]
[Round "02"]
[TimeControl "180+1"]
[Date "2022.04.26"]
[WhiteClock "0:00:11"]
[BlackClock "0:00:02"]

1. d4 d5 2. Nf3 Nf6 3. Bg5 c6 4. Nbd2 Bf5 5. e3 Nbd7 6. Bd3 e6 7. Bxf5 exf5 8. O-O Be7 9. c4 O-O 10. Qc2 Ne4 11. Bxe7 Qxe7 12. Rab1 Ndf6 13. b4 dxc4 14. Nxc4 a6 15. Nfd2 Nxd2 16. Nxd2 g6 17. a4 Nd5 18. Qc5 Rfe8 19. Qxe7 Rxe7 20. g3 b5 21. a5 Re6 22. Rfc1 Rd6 23. Rc5 Re8 24. Nf3 f6 25. Ne1 Kf7 26. Nd3 Ra8 27. Nf4 Nxf4 28. gxf4 Ke6 29. Rbc1 Kd7 30. d5 Rc8 31. Rd1 cxd5 32. Rcxd5 Rxd5 33. Rxd5+ Ke6 34. Rd4 Rc4 35. Rd8 Rxb4 36. Ra8 Ra4 37. Rxa6+ Kd5 38. Ra8 b4 39. Kg2 Kc4 40. f3 Kb5 41. Rb8+ Kxa5 42. e4 fxe4 43. fxe4 Ra2+ 44. Kf3 Ra3+ 45. Kf2 Ka4 46. e5 fxe5 47. fxe5 Kb3 48. Ke3 Kc2+ 49. Kf4 b3 50. Rc8+ Kd3 51. Rb8 Kc2 52. Rc8+ Kd3 53. e6 b2 54. Rb8 Kc2 55. e7 Rb3 56. Rc8+ Kd2 57. e8=Q b1=Q 58. Rd8+ Rd3 59. Qe3+ Kc3 60. Rc8+ Kb2 61. Rb8+ Ka2 62. Qa7+ Ra3 63. Qxa3+ Kxa3 64. Rxb1 1-0


[Site "https://www.chess.com"]

[Event "Titled Tuesday Blitz April 26 Late 2022"]
[White "Castellanos Hernandez, Emilio Au"]
[Black "Karas, Marek"]
[WhiteFideId "5114179"]
[BlackFideId "14928558"]
[WhiteElo "2021"]
[BlackElo "2271"]
[Result "1/2-1/2"]
[Round "02"]
[TimeControl "180+1"]
[Date "2022.04.26"]
[WhiteClock "0:00:48"]
[BlackClock "0:00:12"]

1. d4 Nf6 2. Bf4 d5 3. e3 c5 4. Nf3 Nc6 5. Nc3 a6 6. Be2 Bg4 7. h3 Bxf3 8. Bxf3 e6 9. O-O Bd6 10. dxc5 Bxc5 11. Bg5 h6 12. Bxf6 Qxf6 13. a3 O-O 14. Re1 Rad8 15. Rb1 Bd6 16. Qe2 Qe5 17. g3 d4 18. Nd1 dxe3 19. Qxe3 Qf5 20. Bg2 Bc5 21. Qf3 Qxc2 22. Ne3 Qb3 23. Ng4 Rd3 24. Qe4 Rxg3 25. Kh1 Rd3 26. Rbc1 f5 27. Qxe6+ Qxe6 28. Rxe6 fxg4 29. Rxc5 gxh3 30. Be4 Rd2 31. f3 Rxb2 32. Rd6 Rb5 33. Rc3 Rg5 34. Kh2 Ne5 35. Kxh3 b5 36. Rxa6 Nc4 37. Ra7 Nd2 38. Rd3 Nxe4 39. fxe4 Re8 40. Rd4 Re6 41. Rb7 Rc6 42. Rd3 Re5 43. Re3 Rce6 44. Kg3 Rxe4 45. Rxe4 Rxe4 46. Rxb5 Re3+ 47. Kf4 Rxa3 48. Kf5 Kh7 49. Rb7 Ra6 50. Rc7 Rf6+ 51. Kg4 Kg6 52. Rb7 Ra6 53. Rb4 h5+ 54. Kh4 Kh6 55. Rc4 g5+ 56. Kg3 Kg6 57. Rc8 Ra3+ 58. Kg2 Kf5 59. Rc5+ Kf4 60. Rc4+ Ke5 61. Rc5+ Kf6 62. Rc6+ Kf5 63. Rc5+ Kf4 64. Rc4+ Ke3 65. Rc5 Ra2+ 66. Kg3 Ra1 67. Re5+ Kd4 68. Rxg5 Rg1+ 69. Kh4 Rh1+ 70. Kg3 h4+ 71. Kf3 Rf1+ 72. Kg2 Rf4 73. Kh3 Ke4 74. Rg8 Kf3 75. Ra8 Rf7 76. Ra1 Rg7 77. Rf1+ Ke4 78. Kxh4 Ke3 79. Re1+ Kf2 80. Re6 Kf3 81. Rf6+ Ke4 82. Rf8 Ke5 83. Kh5 Re7 84. Kg6 Re6+ 85. Kg5 Rd6 86. Rf1 Kd5 87. Kf5 Ra6 88. Rd1+ Kc4 89. Ke5 Ra5+ 90. Ke4 Ra8 91. Rc1+ Kb5 92. Rc7 Re8+ 93. Kd3 Rd8+ 94. Ke4 Rd6 95. Ke5 Rc6 96. Rb7+ Kc5 97. Rb1 Rb6 98. Rc1+ Kb5 99. Kd5 Ka6 100. Kc5 Rb5+ 101. Kc6 Rb6+ 102. Kc7 Rb7+ 103. Kc8 Rb2 104. Kc7 Kb5 105. Rc6 Rh2 106. Rc1 Rh7+ 107. Kd6 Rh6+ 108. Kd7 Kb4 109. Rb1+ Kc5 110. Rc1+ Kd5 111. Rd1+ Ke5 112. Re1+ Kd5 113. Rd1+ Ke5 114. Re1+ Kd5 115. Rg1 Rh7+ 116. Ke8 Kd6 117. Rg6+ Ke5 118. Ra6 Kd5 1/2-1/2


[Site "https://www.chess.com"]

[Event "Titled Tuesday Blitz April 26 Late 2022"]
[White "Chuemsakul, Sarocha"]
[Black "Kukula, Pawel"]
[WhiteFideId "6203710"]
[BlackFideId "1115081"]
[WhiteElo "1703"]
[BlackElo "2152"]
[Result "1/2-1/2"]
[Round "02"]
[TimeControl "180+1"]
[Date "2022.04.26"]
[WhiteClock "0:00:06"]
[BlackClock "0:00:16"]

1. d4 d5 2. c4 c6 3. e3 Nf6 4. Nc3 Bf5 5. Bd3 Bg6 6. Nf3 e6 7. O-O Nbd7 8. a3 Bd6 9. b4 Qe7 10. Bb2 dxc4 11. Bxc4 e5 12. Nh4 e4 13. f4 exf3 14. Qxf3 O-O 15. Nxg6 hxg6 16. e4 Bc7 17. e5 Nh7 18. Ne4 Nb6 19. Bb3 Nd5 20. Rae1 Rad8 21. Nc5 Ng5 22. Qg4 Bb6 23. Kh1 Bxc5 24. dxc5 Ne6 25. Rd1 Qg5 26. Qxg5 Nxg5 27. Rfe1 Ne6 28. g3 Rd7 29. Kg2 Rfd8 30. Kf2 Ndc7 31. Rd6 Nb5 32. a4 Nxd6 33. exd6 Re8 34. a5 Rdd8 35. h4 a6 36. Bc4 Nf8 37. Rd1 Nd7 38. Bd4 Re4 39. Kf3 Rde8 40. Bb3 Kf8 41. Bc2 Re2 42. Bd3 Rh2 43. Be3 Ne5+ 44. Kf4 Nxd3+ 45. Rxd3 f6 46. Kf3 Rd8 47. Bf4 Rc2 48. Rd4 Kf7 49. Kg4 Rd7 50. Kh3 Re2 51. Kg4 Re6 52. Kf3 f5 53. Kf2 Re8 54. Kf3 Rdd8 55. Kf2 Re6 56. Kf3 Rd7 57. g4 fxg4+ 58. Kxg4 Re2 59. Bg5 Re5 60. Kg3 Ke6 61. Rf4 Rf5 62. Re4+ Re5 63. Rd4 Kf5 64. Rf4+ Ke6 65. Rd4 Rd8 66. Rf4 Rd7 67. Rd4 1/2-1/2


[Site "https://www.chess.com"]

[Event "Titled Tuesday Blitz April 26 Late 2022"]
[White "Coelho, Ramyres Santana"]
[Black "Mickiewicz, Piotr"]
[WhiteFideId "2120690"]
[BlackFideId "1114891"]
[WhiteElo "1888"]
[BlackElo "2266"]
[Result "1-0"]
[Round "02"]
[TimeControl "180+1"]
[Date "2022.04.26"]
[WhiteClock "0:00:03"]
[BlackClock "0:00:05"]

1. e4 c5 2. Nf3 e6 3. d4 cxd4 4. c3 Nf6 5. e5 Nd5 6. cxd4 d6 7. Nc3 Nxc3 8. bxc3 Qc7 9. Bd2 Nd7 10. Bb5 a6 11. Bxd7+ Bxd7 12. O-O Bb5 13. Re1 d5 14. a4 Bd3 15. Re3 Bg6 16. a5 Rc8 17. Qa4+ Qc6 18. Qb3 Be7 19. h4 h5 20. Ra2 Rc7 21. Rb2 Kd7 22. Ne1 Bxh4 23. Nd3 Be7 24. Nb4 Bxb4 25. Qxb4 Rhc8 26. Rg3 Ke8 27. Qa3 Qd7 28. Rb6 Rc6 29. Rb3 Qe7 30. Qb2 R8c7 31. Bg5 Qd7 32. Rb4 Rc4 33. Rb6 Ra4 34. Rd6 Qc8 35. Qb6 Rd7 36. Rf3 Bf5 37. Rxf5 exf5 38. e6 fxe6 39. Rxe6+ Kf7 40. Re5 Qc6 41. Qb3 Ra1+ 42. Kh2 Rxa5 43. Rxf5+ Kg6 44. Qc2 Qxc3 45. Rf6+ Kxg5 46. Qg6+ Kh4 47. g3+ Qxg3+ 48. Qxg3# 1-0


[Site "https://www.chess.com"]

[Event "Titled Tuesday Blitz April 26 Late 2022"]
[White "Czopor, Maciej"]
[Black "Dubov, Daniil"]
[WhiteFideId "21805431"]
[BlackFideId "24126055"]
[WhiteElo "1999"]
[BlackElo "2791"]
[Result "0-1"]
[Round "02"]
[TimeControl "180+1"]
[Date "2022.04.26"]
[WhiteClock "0:00:01"]
[BlackClock "0:00:58"]

1. d4 d5 2. Nf3 Nf6 3. Bf4 c5 4. e3 Nc6 5. Nbd2 Nh5 6. Bg5 h6 7. Bh4 g5 8. Ne5 Nxe5 9. dxe5 Ng7 10. Bg3 Nf5 11. Bb5+ Bd7 12. Bxd7+ Qxd7 13. e4 dxe4 14. Nxe4 Qc6 15. Qf3 Nd4 16. Qd3 O-O-O 17. O-O-O Bg7 18. Rhe1 Rd7 19. Qc4 Rhd8 20. c3 Ne6 21. Rxd7 Rxd7 22. Rd1 b5 23. Qe2 Rxd1+ 24. Kxd1 Qd5+ 25. Nd2 c4 26. Qe4 Qxe4 27. Nxe4 Kd7 28. b3 Kc6 29. Ke2 Kd5 30. Nd2 Nc5 31. Ke3 Nd3 32. f3 Nxe5 33. Ne4 f5 0-1


[Site "https://www.chess.com"]

[Event "Titled Tuesday Blitz April 26 Late 2022"]
[White "De Souza, Cristiano Gomes"]
[Black "Manukyan, Sargis A."]
[WhiteFideId "2151758"]
[BlackFideId "13303970"]
[WhiteElo "2068"]
[BlackElo "2187"]
[Result "1-0"]
[Round "02"]
[TimeControl "180+1"]
[Date "2022.04.26"]
[WhiteClock "0:02:33"]
[BlackClock "0:01:14"]

1. d4 Nf6 2. c4 g6 3. Nf3 Bg7 4. Nc3 O-O 5. e4 d6 6. Be2 Nbd7 7. O-O c6 8. h3 Qc7 9. Be3 e5 10. Rc1 Rd8 11. a3 c5 12. dxe5 Nxe5 13. Nxe5 dxe5 14. Nd5 Nxd5 15. cxd5 b6 16. b4 Bf8 17. bxc5 bxc5 18. Rc3 Qb6 19. Qc1 Qa5 20. Bxc5 Bxc5 21. Rxc5 Qxa3 22. Qxa3 1-0


[Site "https://www.chess.com"]

[Event "Titled Tuesday Blitz April 26 Late 2022"]
[White "Derraugh, Geordie"]
[Black "Bryakin, Mikhail"]
[WhiteFideId "2603950"]
[BlackFideId "4165314"]
[WhiteElo "2116"]
[BlackElo "2417"]
[Result "0-1"]
[Round "02"]
[TimeControl "180+1"]
[Date "2022.04.26"]
[WhiteClock "0:00:02"]
[BlackClock "0:01:00"]

1. e4 d6 2. d4 Nf6 3. Nc3 g6 4. h3 Bg7 5. Nf3 O-O 6. Be3 c6 7. a4 a5 8. Be2 Nbd7 9. O-O e5 10. Re1 Re8 11. Bf1 Qc7 12. Qd2 Nh5 13. Rad1 Nf8 14. d5 c5 15. Nb5 Qd8 16. Bg5 f6 17. Bh6 b6 18. Be3 f5 19. Bg5 Bf6 20. Bxf6 Nxf6 21. exf5 Bxf5 22. c3 Kg7 23. Nh4 Qd7 24. Nxf5+ gxf5 25. Qg5+ Ng6 26. Bd3 e4 27. Be2 h6 28. Qc1 f4 29. Bf1 Re5 30. Na3 Rg5 31. Kh1 f3 32. Nc4 Nh4 33. g3 Rxg3 34. fxg3 Nf5 35. Qf4 Rf8 36. Kh2 Kg6 37. Ne3 Nxe3 38. Rxe3 Qf5 39. Qxf5+ Kxf5 40. Bc4 h5 41. Bb3 h4 42. Bc2 hxg3+ 43. Kxg3 Rg8+ 44. Kh4 Kf4 45. Rxe4+ Nxe4 46. Kh5 Rh8+ 47. Kg6 Rxh3 48. Bxe4 Kxe4 49. Kf6 f2 50. Ke6 Rh6+ 51. Kd7 Rf6 52. Kc6 f1=Q 53. Rxf1 Rxf1 54. Kxd6 Kd3 55. Kc6 Kc2 56. Kxb6 Kxb2 57. c4 Kb3 58. Kxc5 Kxa4 59. d6 Kb3 60. Kb5 a4 61. c5 a3 62. d7 Rd1 63. c6 a2 64. c7 a1=Q 65. c8=Q Qa4+ 66. Kb6 Qxd7 67. Qg8+ Qd5 68. Qg3+ Rd3 0-1


[Site "https://www.chess.com"]

[Event "Titled Tuesday Blitz April 26 Late 2022"]
[White "Donchenko, Alexander"]
[Black "Meduri, Aakaash"]
[WhiteFideId "24603295"]
[BlackFideId "2032252"]
[WhiteElo "2539"]
[BlackElo "2096"]
[Result "1-0"]
[Round "02"]
[TimeControl "180+1"]
[Date "2022.04.26"]
[WhiteClock "0:00:15"]
[BlackClock "0:00:06"]

1. d4 f5 2. g3 Nf6 3. Bg2 e6 4. c4 Be7 5. Nf3 O-O 6. Nc3 d6 7. b4 a5 8. b5 Ne4 9. Qc2 Nxc3 10. Qxc3 Nd7 11. O-O Nf6 12. Qc2 Ne4 13. a4 Qe8 14. Ba3 g5 15. c5 Bd7 16. Nd2 d5 17. Nb3 c6 18. b6 Qg6 19. f3 Nf6 20. Bb2 h5 21. Bc3 h4 22. Nxa5 hxg3 23. hxg3 Nh5 24. Kf2 Kf7 25. Nxb7 Rh8 26. Rh1 Nxg3 27. Rxh8 Rxh8 28. Nd6+ Bxd6 29. cxd6 Qh5 30. Ke3 Qh2 31. Be1 Qxg2 32. Bxg3 Qxg3 33. a5 e5 34. Kd3 Qf4 35. e3 Qxf3 36. b7 c5 37. Qxc5 Qe4+ 38. Kc3 Qxe3+ 39. Kb4 Rh2 40. Qc3 Qxc3+ 41. Kxc3 exd4+ 42. Kb3 Rh8 43. a6 Bc6 44. Rc1 Bxb7 45. axb7 Rb8 46. Kb4 Rxb7+ 47. Kc5 f4 48. Kc6 Ra7 49. Kb6 Rd7 50. Kc6 Rd8 51. Kc7 Rxd6 52. Kxd6 d3 53. Ke5 Kg6 54. Rd1 f3 55. Rxd3 g4 56. Kf4 Kh5 57. Kg3 Kg5 58. Rxd5+ Kf6 59. Kxg4 f2 60. Rf5+ Kg6 61. Rxf2 1-0


[Site "https://www.chess.com"]

[Event "Titled Tuesday Blitz April 26 Late 2022"]
[White "Drygalov, Andrey"]
[Black "Zor, Alber Kadir"]
[WhiteFideId "24171735"]
[BlackFideId "6353169"]
[WhiteElo "2540"]
[BlackElo "1966"]
[Result "1-0"]
[Round "02"]
[TimeControl "180+1"]
[Date "2022.04.26"]
[WhiteClock "0:01:30"]
[BlackClock "0:00:43"]

1. e4 c5 2. Nf3 d6 3. d4 cxd4 4. Nxd4 Nf6 5. Nc3 Nc6 6. Bg5 e6 7. Qd2 a6 8. O-O-O Bd7 9. f3 Be7 10. Kb1 Rc8 11. Nxc6 Bxc6 12. Ne2 b5 13. h4 Qb6 14. Nd4 Bb7 15. Be3 Qc7 16. h5 Nd7 17. h6 g6 18. g4 d5 19. exd5 Bxd5 20. Bg5 f6 21. Be3 Ne5 22. Be2 Kf7 23. g5 Nc4 24. Bxc4 Qxc4 25. b3 Qc3 26. gxf6 Bxf6 27. Rhf1 Qxd2 28. Rxd2 Rhd8 29. Ne2 Bb7 30. Nf4 Rxd2 31. Bxd2 Rd8 32. Nd3 Rd5 33. f4 Rh5 34. Ne5+ Ke8 35. Ng4 Be7 36. Re1 Bf3 37. Ne5 Rxh6 38. Nxf3 Rh3 39. Nd4 Rh2 40. Bc3 b4 41. Bb2 h5 42. Nxe6 Kd7 43. Ng5 h4 44. Nf3 Rh3 45. Ne5+ Kc8 46. Nxg6 Bc5 47. f5 Rg3 48. Nxh4 Bf2 49. Rf1 Bb6 50. f6 Rg7 51. fxg7 1-0


[Site "https://www.chess.com"]

[Event "Titled Tuesday Blitz April 26 Late 2022"]
[White "Ezat, Mohamed"]
[Black "D`Arruda, Ricardo D."]
[WhiteFideId "10600906"]
[BlackFideId "100692"]
[WhiteElo "2386"]
[BlackElo "2372"]
[Result "1-0"]
[Round "02"]
[TimeControl "180+1"]
[Date "2022.04.26"]
[WhiteClock "0:00:46"]
[BlackClock "0:01:12"]

1. d4 Nf6 2. c4 e5 3. dxe5 Ne4 4. Nd2 Nc5 5. Ngf3 Nc6 6. g3 d6 7. exd6 Qxd6 8. Bg2 Be7 9. O-O Bf5 10. e4 Nxe4 11. Nxe4 Qxd1 12. Rxd1 Bxe4 13. Re1 Bf5 14. Bg5 f6 15. Bf4 O-O-O 16. Nh4 Bb4 17. Nxf5 Bxe1 18. Rxe1 g6 19. Ne7+ Nxe7 20. Rxe7 Rd7 21. Bxb7+ Kd8 22. Rxd7+ Kxd7 23. Bd5 Re8 24. Kf1 Rb8 25. b3 Rb6 26. Be3 Ra6 27. a4 Kd6 28. Bf3 c5 29. Bd5 Rb6 30. Bg8 h6 31. Bh7 g5 32. Bc2 a5 33. Bd2 Ra6 34. Ke2 Ra8 35. Kf3 Ke5 36. Bc3+ Ke6 37. Kg4 h5+ 38. Kf3 f5 39. h3 g4+ 40. hxg4 fxg4+ 41. Ke3 Kf7 42. Kf4 1-0


[Site "https://www.chess.com"]